 Dungeon Crawl Stone Soup version 0.29.0-4-gdea44cf6ec (webtiles) character file.

Game seed: 1237269939911606761

16 qw the Chopper (level 2, -1/26 HPs)
             Began as a Minotaur Fighter on Sept 5, 2022.
             Slain by a hobgoblin (2 damage)
             ... led by Robin
             ... on level 2 of the Dungeon.
             The game lasted 00:00:06 (232 turns).

qw the Chopper (Minotaur Fighter)                    Turns: 232, Time: 00:00:06

Health: -1/26      AC:  6    Str: 20    XL:     2   Next: 37%
Magic:  1/1        EV:  9    Int:  5    God:
Gold:   27         SH:  4    Dex:  9    Spells: 1/1 levels left

rFire   . . .      SeeInvis .   a - +0 war axe
rCold   . . .      Faith    .   c - +0 buckler
rNeg    . . .      Spirit   .   b - +0 scale mail
rPois   .          Reflect  .   (helmet restricted)
rElec   .          Harm     .   (no cloak)
rCorr   .          Rampage  .   (no gloves)
Will    .....                   (no boots)
Stlth   ..........              (no amulet)
HPRegen 0.08/turn               (no ring)
MPRegen 0.07/turn               (no ring)

@: lethally poisoned (-1 -> -13)
A: horns 2, retaliatory headbutt
a: no special abilities


You were on level 2 of the Dungeon.
You visited 1 branch of the dungeon, and saw 2 of its levels.

You collected 27 gold pieces.


Innate Abilities, Weirdness & Mutations

You have a pair of horns on your head.
You reflexively headbutt those who attack you in melee.


   Skills:
 - Level 3.6 Fighting
 + Level 3.7 Axes
 - Level 3.6 Armour
 - Level 3.6 Shields


You had one spell level left.
You didn't know any spells.
Your spell library was empty.

Inventory:

Hand Weapons
 a - a +0 war axe (weapon)
 f - a +0 club
Armour
 b - a +0 scale mail (worn)
 c - a +0 buckler (worn)
Potions
 d - a potion of might
 e - a potion of heal wounds {unknown}

Dungeon Overview and Level Annotations

Branches:
Dungeon (2/15)

Altars:

Annotations:
D:2 Jessica, Robin


Message History

You are poisoned.
The adder poisons you!
You slash the goblin!
You kill the goblin!
You hit the adder.
You feel sick. The adder closely misses you. You furiously retaliate!
You headbutt the adder!
You kill the adder!
The hobgoblin hits you but does no damage.
Your Axes skill increases to level 3!
You have reached level 2!
You hit the hobgoblin. You headbutt the hobgoblin.
The hobgoblin is severely wounded.
You feel sick.
Jessica gestures wildly while chanting.
Jessica blinks!
The hobgoblin barely misses you.
You hit the hobgoblin.
You kill the hobgoblin!
You feel sick.
You are no longer poisoned.
Robin roars a battlecry!
Jessica gestures wildly while chanting.
Jessica blinks!
The goblin barely misses you. You furiously retaliate!
You headbutt the goblin.
You kill the goblin!
You barely miss the rat. You block the rat's attack.
Robin throws the goblin at you!
The goblin hits you with a +2 dagger of venom!
You are lethally poisoned!
You closely miss the goblin. Your headbutt misses the goblin.
You barely miss the rat.
You feel extremely sick.
A hobgoblin comes into view.
The rat bites you but does no damage. The goblin barely misses you.
You slash the goblin!
You kill the goblin!
You hit the rat.
You feel very sick. The rat closely misses you. You furiously retaliate!
You headbutt the rat.
You kill the rat!
The hobgoblin hits you.
You die... ........... #......... #.@...... ....>.. .gg.g ggg

#g# #@### #)..#
###.### #...#
#######.#######
..............+
#######..######
...........#
.########..#


You could see Robin, Jessica, 3 hobgoblins and 3 goblins.

Vanquished Creatures
  An adder (D:2)
  4 goblins
  A hobgoblin (D:2)
  A quokka (D:1)
  3 rats
10 creatures vanquished.

Notes
Turn   | Place    | Note
-------+----------+-------------------------------------------
     0 | D:1      | qw the Minotaur Fighter began the quest for the Orb.
     0 | D:1      | Reached XP level 1. HP: 19/19 MP: 0/0
     0 | D:1      | 0 ||| qw: Version: 0.1-a-104-g96f76f8
     0 | D:1      | 0 ||| qw: Game counter: 5970
     0 | D:1      | 0 ||| qw: Always use a shield: true
     0 | D:1      | 0 ||| qw: God list: Ru
     0 | D:1      | 0 ||| qw: Allow faded altars: false
     0 | D:1      | 0 ||| qw: Do Orc after D:15 true
     0 | D:1      | 0 ||| qw: Do second Lair branch before Depths: true
     0 | D:1      | 0 ||| qw: Lair rune preference: random
     0 | D:1      | 0 ||| qw: Plans: Normal
     0 | D:1      | 0 ||| PLANNING D:1-11
   213 | D:1      | You fall into a shaft and drop 1 floor!
   224 | D:2      | Noticed Robin
   224 | D:2      | Noticed Jessica
   228 | D:2      | Reached skill level 3 in Axes
   228 | D:2      | Reached XP level 2. HP: 21/26 MP: 1/1
   231 | D:2      | HP: 5/26 [poisoned by a goblin]
   232 | D:2      | HP: 1/26 [poisoned by a goblin]
   232 | D:2      | Slain by a hobgoblin

Levels and vault maps discovered:
D:1:      mushboom_english_gardens, layout_loops_ring,
          hellmonk_ecumenical_altar_zigzags
D:2:      layout_basic, uniq_jessica, uniq_robin

Skill      XL: |  1 |
---------------+----+-----
Axes           | 3 |  3.7
Fighting       | |  3.6
Armour         | |  3.6
Shields        | |  3.6

Action                   || total
-------------------------++-------
Melee: War axe           ||    18
       Headbutt          ||     3
Armor: Scale mail        ||     7
Dodge: Dodged            ||     9
Block: Buckler           ||     2

Table legend:
 A = Non-vault XP
 B = Vault XP
 C = Vault XP percentage of total XP
 D = Non-vault monster count
 E = Vault monster count
 F = Vault count percentage of total count
                 A         B        C        D         E       F
            +---------+---------+-------+---------+---------+-------
      Total |      20 |       6 |  23.1 |       6 |       4 |  40.0
            +---------+---------+-------+---------+---------+-------
        D:1 |       6 |       0 |   0.0 |       4 |       0 |   0.0
        D:2 |      14 |       6 |  30.0 |       2 |       4 |  66.7
            +---------+---------+-------+---------+---------+-------
